 Dungeon Crawl Stone Soup version 0.29.0-13-gc9e81de378 (webtiles) character file.

Game seed: 4515327164392615390

135 Artool the Cudgeller (level 4, -3/35 HPs)
             Began as a Demonspawn Gladiator on Sept 6, 2022.
             Slain by a sky beast (6 damage)
             ... on level 4 of the Dungeon.
             The game lasted 00:09:32 (2460 turns).

Artool the Cudgeller (Demonspawn Gladiator)         Turns: 2460, Time: 00:09:33

Health: -3/35      AC:  5    Str: 16    XL:     4   Next: 96%
Magic:  4/4        EV: 13    Int: 10    God:
Gold:   116        SH:  5    Dex: 22    Spells: 3/3 levels left

rFire   . . .      SeeInvis .   y - +0 whip
rCold   . . .      Faith    .   f - orb {light}
rNeg    . . .      Spirit   .   b - +0 leather armour
rPois   .          Reflect  +   c - +0 helmet
rElec   .          Harm     .   (no cloak)
rCorr   .          Rampage  .   F - +0 pair of gloves
Will    .....                   (no boots)
Stlth   +.........              w - amulet of reflection
HPRegen 0.11/turn               k - +6 ring of dexterity
MPRegen 0.09/turn               (no ring)

@: glowing
A: thin skeletal structure 1, powered by death 1
a: no special abilities


You were on level 4 of the Dungeon.
You visited 1 branch of the dungeon, and saw 4 of its levels.

You collected 116 gold pieces.

Inventory:

Hand Weapons
 a - a +0 flail
 q - the +0 dagger "Ynodesk" {speed, MP-9 Int+7}
   (You found it on level 2 of the Dungeon)

   Attacks with this weapon are significantly faster.
   Int:       It affects your intelligence (+7).
   MP:        It affects your magic capacity (-9).
 y - a +0 whip (weapon)
 A - a +2 short sword of protection
Missiles
 d - 3 throwing nets (quivered)
 e - 4 javelins
 h - 6 poisoned darts
Armour
 b - a +0 leather armour (worn)
 c - a +0 helmet (worn)
 f - an orb of light (worn)
 F - a +0 pair of gloves (worn)
Magical Staves
 G - a staff of air
Jewellery
 k - a +6 ring of dexterity (left hand)
 o - a ring of wizardry
 v - a ring of wizardry
 w - an amulet of reflection (around neck)
Wands
 B - a wand of polymorph (7)
Scrolls
 i - a scroll of noise {unknown}
 j - 3 scrolls of identify {unknown}
 n - a scroll of fog {unknown}
 p - 2 scrolls of magic mapping {unknown}
 r - a scroll of poison {unknown}
 t - 3 scrolls of teleportation {unknown}
 u - 2 scrolls of immolation {unknown}
 x - a scroll of enchant armour {unknown}
 z - a scroll of blinking {unknown}
 D - a scroll of fear {unknown}
 E - a scroll of silence {unknown}
Potions
 g - a potion of mutation {unknown}
 l - 2 potions of brilliance {unknown}
 m - a potion of might {unknown}
 s - a potion of curing {unknown}
 C - a potion of heal wounds {unknown}


   Skills:
 + Level 3.0 Fighting
 + Level 3.4 Maces & Flails
 - Level 1.9 Throwing
 + Level 1.7 Armour
 + Level 3.4 Dodging


You had 3 spell levels left.
You didn't know any spells.
Your spell library contained the following spells:

 Spells                   Type           Power      Damage    Failure   Level
 Necrotise                Necr           0%         1d4       43%         1
 Vampiric Draining        Necr           0%         2d6       80%         3
 Agony                    Necr           0%         N/A       100%        5


Dungeon Overview and Level Annotations

Branches:
Dungeon (4/15)
 Temple: D:4-7

Altars:
Ashenzari
Nemelex Xobeh


Innate Abilities, Weirdness & Mutations

You have a somewhat thin skeletal structure. (Dex +2, Stealth+)
You regenerate a little health from kills.


Message History

A goblin comes into view. It is wielding a +0 club.
The sky beast hits you. The sky beast shocks you.
You closely miss the sky beast.
The sky beast is lightly wounded.
The goblin shouts!
The sky beast closely misses you.
You hit the sky beast.
The sky beast is lightly wounded.
The sky beast hits you but does no damage.
You hit the sky beast.
The sky beast is moderately wounded.
The sky beast barely misses you.
You barely miss the sky beast.
The sky beast is moderately wounded.
The sky beast hits you but does no damage.
You hit the sky beast but do no damage.
The sky beast is lightly wounded.
The sky beast hits you. The sky beast shocks you.
You barely miss the sky beast.
The sky beast is lightly wounded.
The sky beast hits you but does no damage.
You see here a +0 club.
Sorry, you're not good enough to have a special ability.
Okay, then.
The sky beast attacks as you move away!
The sky beast hits you but does no damage.
The sky beast attacks as you move away! The sky beast barely misses you.
The sky beast attacks as you move away!
The sky beast hits you but does no damage.
A goblin comes into view. It is wielding a +0 dagger.
Found a stone staircase leading up.
The goblin shouts!
The sky beast attacks as you move away! The sky beast hits you.
The sky beast shocks you.
* * * LOW HITPOINT WARNING * * *
Found a stone staircase leading down.
The sky beast attacks as you move away! The sky beast hits you.
* * * LOW HITPOINT WARNING * * *
The sky beast shocks you.
You die...

#.## #...# #...... #.)#
....## #...... #..## #....#
#..[... #...### #....# .#
#...... #.....####....#...#
#...... #....O.So.o........
#......
###########.###########.#####
..>..#Y###..##....##
..g.....@....##....#
<....#######..#....######
.... #............ ...
##.....###### .. #.....# .
####.## #..######
########.##....
#####...........##.


You could see a sky beast (invisible), an orc and a goblin.

Vanquished Creatures
  Robin (D:2)
  3 adders (D:3)
  A worm (D:2)
  A dart slug (D:2)
  7 orcs
  5 bats
  11 endoplasms
  2 giant cockroaches
  12 goblins
  8 hobgoblins
  4 quokkas
  6 ball pythons
  3 frilled lizards (D:1)
  5 kobolds
  6 rats
75 creatures vanquished.

Notes
Turn   | Place    | Note
-------+----------+-------------------------------------------
     0 | D:1      | Artool the Demonspawn Gladiator began the quest for the
                  | Orb.
     0 | D:1      | Reached XP level 1. HP: 16/16 MP: 1/1
   303 | D:1      | Gained mutation: You regenerate a little health from kills.
                  | [demonic ancestry]
   303 | D:1      | Reached XP level 2. HP: 22/22 MP: 2/2
   788 | D:1      | You fall into a shaft and drop 1 floor!
   802 | D:2      | Reached XP level 3. HP: 21/28 MP: 3/3
   904 | D:2      | Noticed Robin
   929 | D:2      | Killed Robin
   930 | D:2      | Reached skill level 1 in Armour
   991 | D:2      | Found a broken altar of Ashenzari.
  1067 | D:2      | Identified the +0 dagger "Ynodesk" {speed, MP-9 Int+7}
  1184 | D:2      | Gained mutation: You have a somewhat thin skeletal
                  | structure. (Dex +2, Stealth+) [demonic ancestry]
  1184 | D:2      | Reached XP level 4. HP: 33/34 MP: 4/4
  1805 | D:3      | Found a sparkling altar of Nemelex Xobeh.
  1873 | D:3      | Identified the +1 pair of boots "Fela Nolu" {Str+2 Slay+4}
  2430 | D:4      | Noticed an ogre
  2430 | D:4      | Noticed a sky beast
  2460 | D:4      | Slain by a sky beast

Illustrated notes

Levels and vault maps discovered:
D:1:      psy_arrival_heroes, layout_basic
D:2:      layout_basic, basic_altar, uniq_robin
D:3:      layout_basic, nemelex_dance_club_becter
D:4:      minmay_recursive_quarters, layout_rooms

Skill      XL: |  1  2  3  4 |
---------------+-------------+-----
Maces & Flails | 3 |  3.4
Dodging        | 3 |  3.4
Armour         | 1 |  1.7
Fighting       | 3 |  3.0
Throwing       | |  1.9

Action                   |  1- 3 |  4- 6 || total
-------------------------+-------+-------++-------
Melee: Flail             |   108 |    20 ||   128
       Whip              |       |    82 ||    82
 Stab: Sleeping          |       |     3 ||     3
Armor: Leather armour    |    33 |    35 ||    68
Dodge: Dodged            |    73 |    58 ||   131
Block: Orb               |       |    18 ||    18
